 Dungeon Crawl Stone Soup version 0.25-a0-353-ged6d54792d (console) character file.

Game seed: 16891969231946025897, levelgen mode: deterministic

7 Garrluk the Firebug (level 1, 10/10 HPs)
             Began as a Deep Elf Fire Elementalist on Jan 2, 2020.
             Got out of the dungeon alive.
             The game lasted 00:01:05 (181 turns).

Garrluk the Firebug (Deep Elf Fire Elementalist)     Turns: 181, Time: 00:01:05

Health: 10/10      AC:  2    Str:  5    XL:     1   Next: 83%
Magic:  6/6        EV: 13    Int: 19    God:
Gold:   42         SH:  0    Dex: 15    Spells: 5/6 levels left

rFire    . . .     SeeInvis .   (no weapon)
rCold    . . .     Gourm    .   (no shield)
rNeg     . . .     Faith    .   a - +0 robe
rPois    .         Spirit   .   (no helmet)
rElec    .         Reflect  .   (no cloak)
rCorr    .         Harm     .   (no gloves)
MR       .....                  (no boots)
Stlth    ++........             (no amulet)
HPRegen  0.03/turn              (no ring)
MPRegen  0.10/turn              (no ring)

@: no status effects
A: no striking features
a: no special abilities


You escaped.
You were not hungry.

You visited 1 branch of the dungeon, and saw 1 of its levels.

You collected 42 gold pieces.

Notes
Turn   | Place    | Note
-------+----------+-------------------------------------------
     0 | D:1      | Garrluk the Deep Elf Fire Elementalist began the quest for
                  | the Orb.
     0 | D:1      | Reached XP level 1. HP: 10/10 MP: 6/6
   181 | D:$      | Got out of the dungeon alive.

Inventory:

Armour
 a - a +0 robe (worn)
Potions
 d - a potion of curing {unknown}
 e - a potion of heal wounds {unknown}
Comestibles
 b - 7 chunks of flesh
 c - a ration

Table legend:
 A = Turns spent in this place as a percentage of turns spent in the entire game.
 B = Non-inter-level travel turns spent in this place as a percentage of non-inter-level travel turns spent in the entire game.
 C = Inter-level travel turns spent in this place as a percentage of turns spent in this place.
 D = Turns resting spent in this place as a percentage of non-inter-level travel turns spent in this place.
 E = Turns spent auto-exploring this place as a percentage of non-inter-level travel turns spent in this place.
 F = Non-inter-level travel turns spent in this place divided by the number of levels of this place that you've seen.
                   A       B       C       D       E      F
               +-------+-------+-------+-------+-------+----------------------
         Total | 100.0 | 100.0 |  30.9 |   0.0 |  53.6 | 125.0
       Dungeon | 100.0 | 100.0 |  30.9 |   0.0 |  53.6 | 125.0
               +-------+-------+-------+-------+-------+----------------------


   Skills:
 - Level 2.4 Dodging
 - Level 2.4 Stealth
 + Level 3.2 Spellcasting
 * Level 1.7 Conjurations
 + Level 3.4 Fire Magic


You had 5 spell levels left.
You knew the following spells:

 Your Spells              Type           Power        Failure   Level  Hunger
a - Foxfire               Conj/Fire      ##..         5%          1    None

Your spell library contained the following spells:

 Spells                   Type           Power        Failure   Level  Hunger
 Conjure Flame            Conj/Fire      ##......     16%         3    ###....
 Inner Flame              Hex/Fire       #.......     22%         3    ###....
 Sticky Flame             Conj/Fire      ##......     45%         4    ####...
 Fireball                 Conj/Fire      ##........   82%         5    ######.


Dungeon Overview and Level Annotations

Branches:
Dungeon (1/15)

Altars:


Message History

Found an escape hatch in the floor.
Found 15 gold pieces.
Magic restored.
There is an escape hatch in the floor here.
You now have 27 gold pieces (gained 15).
You now have 42 gold pieces (gained 15).
Found a chain mail.
e - an orange potion
(D) Dungeon
Where to? (? - help)
Okay, then.
Unknown command.
Unknown command.
HP restored.
There is an escape hatch in the floor here.
There is an open door here.
There is an open door here.
There is a staircase leading out of the dungeon here.
Are you sure you want to leave the Dungeon?
This will make you lose the game!
You have escaped!

... #..# # #..####
#### #..... ...#
...# ##...## .⌠.
##.# ##.....##...
.#.# ##.......##.#
...###..÷.....##.#
.....'.......÷##.##
...###........#...#
.#.# ##.......'.@.#
...# ##.....##...#
#### ##...#######
##+##


There were no monsters in sight!

Table legend:
 A = Kills in this place as a percentage of kills in entire the game.
 B = Kills by you in this place as a percentage of kills by you in the entire game.
 C = Kills by friends in this place as a percentage of kills by friends in the entire game.
 D = Other kills in this place as a percentage of other kills in the entire game.
 E = Experience gained in this place as a percentage of experience gained in the entire game.
 F = Experience gained in this place divided by the number of levels of this place that you have seen.
                   A       B       C       D       E      F
               +-------+-------+-------+-------+-------+----------------------
         Total | 100.0 | 100.0 |   N/A |   N/A | 100.0 |  10.0
       Dungeon | 100.0 | 100.0 |   N/A |   N/A | 100.0 |  10.0
               +-------+-------+-------+-------+-------+----------------------

Vanquished Creatures
  Monster Symbol All 'b'
  A bat (D:1)
1 creature vanquished. All 'g' A goblin (D:1) A hobgoblin (D:1)
2 creatures vanquished. All 'l' A leopard gecko (D:1)
1 creature vanquished. All 'r' A rat (D:1)
1 creature vanquished. All 'v' 11 foxfires (D:1)
11 creatures vanquished.
16 creatures vanquished. Monster Nature Natural Monsters A leopard gecko (D:1) A bat (D:1) A goblin (D:1) A hobgoblin (D:1) A rat (D:1)
5 creatures vanquished. Non-Living Monsters 11 foxfires (D:1)
11 creatures vanquished.
16 creatures vanquished. Ascending Order A leopard gecko (D:1) A hobgoblin (D:1) A goblin (D:1) A bat (D:1) A rat (D:1) 11 foxfires (D:1)
16 creatures vanquished.

Action                   || total
-------------------------++-------
Melee: Unarmed           ||     1
 Cast: Foxfire           ||     9
Dodge: Dodged            ||     3
